 Dungeon Sprint DCSS version 0.28.0-53-g5a82cb258f (webtiles) character file.

Game seed: 11771046912946629808

30 Zeld the Chopper (level 3, -1/54 HPs)
             Began as a Minotaur Berserker on June 10, 2022.
             Was a Believer of Trog.
             Slain by a sky beast (3 damage)
             ... in the Dungeon (Sprint IX: "|||||||||||||||||||||||||||||").
             The game lasted 00:00:22 (534 turns).

Zeld the Chopper (Minotaur Berserker)                Turns: 534, Time: 00:00:22

Health: -1/54      AC:  2    Str: 23    XL:     3   Next: 5%
Magic:  2/2        EV: 12    Int:  4    God:    Trog [**....]
Gold:   0          SH:  0    Dex:  9    Spells: 2/2 levels left

rFire   . . .      SeeInvis .   a - +0 hand axe
rCold   . . .      Faith    .   (no shield)
rNeg    . . .      Spirit   .   b - +0 animal skin
rPois   .          Reflect  .   (helmet restricted)
rElec   .          Harm     .   (no cloak)
rCorr   .          Rampage  .   (no gloves)
Will    .....      NoTele   +   (no boots)
Stlth   ..........              (no amulet)
HPRegen 0.18/turn               (no ring)
MPRegen 0.08/turn               (no ring)

@: berserking, very quick
A: horns 2, retaliatory headbutt
a: Renounce Religion, Berserk, Trog's Hand


You were in the Dungeon.
You worshipped Trog.
Trog was pleased with you.
You visited 1 branch

Inventory:

Hand Weapons
 a - a +0 hand axe (weapon)
Armour
 b - a +0 animal skin (worn)
Scrolls
 h - a scroll of blinking
Potions
 c - a potion of curing
 d - a potion of heal wounds
 e - a potion of haste
 f - 2 potions of magic
 g - a potion of berserk rage


   Skills:
 * Level 5.5 Fighting
 * Level 5.6 Axes
 + Level 3.7 Armour
 + Level 3.4 Dodging


You had 2 spell levels left.
You didn't know any spells.
Your spell library was empty.

Dungeon Overview and Level Annotations

Branches:
Dungeon (1/1)

Altars:


Innate Abilities, Weirdness & Mutations

You have a pair of horns on your head.
You reflexively headbutt those who attack you in melee.


Message History

You are too confused!
You miss something. Something hits you.
You are too confused!
You bump into the unnaturally hard rock wall.
You feel less confused. Something hits you.
You closely miss something. Something hits you.
A red film seems to cover your vision as you go berserk!
You feel yourself moving faster!
You feel mighty! Something hits you.
You completely miss something. Your headbutt misses something.
Something hits you.
You are too injured to fight recklessly!
You slash something! Something hits you.
You closely miss something. You headbutt something! Trog accepts your kill.
Trog appreciates your killing of a magic user.
Reactivating autopickup.
You feel a bit more experienced.
Your Fighting skill increases to level 5!
Your Axes skill increases to level 5!
Your Armour skill increases to level 3!
Your Dodging skill increases to level 3!
You have reached level 2!
You have reached level 3!
Your experience leads to an increase in your attributes!
Increase (S)trength, (I)ntelligence, or (D)exterity?
You feel stronger. x2
There are monsters nearby!
Unknown command.
Something hits you. Something shocks you.
* * * LOW HITPOINT WARNING * * *
Deactivating autopickup; reactivate with Ctrl-A.
Things that are here:
a +0 dagger; a +0 robe; an orc corpse You hit something.
Something hits you.
* * * LOW HITPOINT WARNING * * *
Something shocks you.
* * * LOW HITPOINT WARNING * * *
You miss something. Your headbutt misses something. You barely miss something.
Something hits you.
You die...

▓.▓
▓'▓
▓.▓
▓.▓
▓.▓
▓.▓
▓.▓
▓'▓
▓@▓
▓{▓
▓O▓
▓Z▓
▓Z▓
▓+▓


You could see an ogre and 2 bat zombies.

Vanquished Creatures
  An orc wizard (D)
  2 bats (D)
  A hobgoblin (D)
  A quokka (D)
  A frilled lizard (D)
6 creatures vanquished.

Notes
Turn   | Place    | Note
-------+----------+-------------------------------------------
     0 | D        | Zeld the Minotaur Berserker began the quest for the Orb.
     0 | D        | Reached XP level 1. HP: 19/19 MP: 0/0
    11 | D        | Reached ** piety under Trog
   519 | D        | Noticed an orc wizard
   519 | D        | Noticed a sky beast
   519 | D        | Noticed an ogre
   530 | D        | Killed an orc wizard
   531 | D        | Reached skill level 5 in Fighting
   531 | D        | Reached skill level 5 in Axes
   531 | D        | Reached XP level 2. HP: 16/29 MP: 1/1
   531 | D        | Reached XP level 3. HP: 20/36 MP: 2/2
   532 | D        | HP: 2/54 [something (6)]
   534 | D        | Slain by a sky beast

Illustrated notes

Levels and vault maps discovered:
D:        linesprint [early_d, line_temple, items_1, d_10, items_2, lair_1,
          lair_end, items_3, orc_1, orc_end, items_4, d_15, swamp_1, shoals_1,
          snake_1, spider_1, d_20, vaults_1, items_5, swamp_end, shoals_end,
          snake_end, spider_end, vaults_end, d_27, items_6, zot_1, zot_end,
          crypt_end, forest_end, elf_end, slime_end, tomb_end, abyss_end,
          pan_hell_end]

Skill      XL: |  1 |
---------------+----+-----
Fighting       | 5 |  5.5
Axes           | 5 |  5.6
Armour         | 3 |  3.7
Dodging        | 3 |  3.4

Action                   || total
-------------------------++-------
Melee: Hand axe          ||    24
       Headbutt          ||     3
Invok: Berserk           ||     1
Armor: Animal skin       ||     3
Dodge: Dodged            ||     9
